 Dungeon Crawl Stone Soup version 0.27.0-1-g7a089689b8 (webtiles) character file.

Game seed: 16861158937981285109

68 Cykl0x the Covered (level 4, -6/40 HPs)
             Began as a Minotaur Fighter on Aug 5, 2021.
             Mangled by Crazy Yiuf (17 damage)
             ... on level 2 of the Dungeon on Aug 8, 2021.
             The game lasted 00:02:17 (1149 turns).

Cykl0x the Covered (Minotaur Fighter)               Turns: 1149, Time: 00:02:18

Health: -6/40      AC:  9    Str: 21    XL:     4   Next: 1%
Magic:  1/3        EV:  7    Int:  5    God:
Gold:   44         SH: 10    Dex: 10    Spells: 3/3 levels left

rFire    . . .     SeeInvis .   a - +0 long sword (vamp)
rCold    . . .     Faith    .   c - +1 kite shield
rNeg     . . .     Spirit   .   b - +0 scale mail
rPois    .         Reflect  .   j - +2 hat {Will+}
rElec    .         Harm     .   (no cloak)
rCorr    .         Rampage  .   (no gloves)
Will     +....                  (no boots)
Stlth    ..........             (no amulet)
HPRegen  0.13/turn              (no ring)
MPRegen  0.08/turn              (no ring)

@: no status effects
A: horns 2, retaliatory headbutt
a: no special abilities


You were on level 2 of the Dungeon.
You visited 1 branch of the dungeon, and saw 2 of its levels.

You collected 44 gold pieces.

Inventory:

Hand Weapons
 a - a +0 vampiric long sword (weapon)
Missiles
 g - 20 stones (quivered)
Armour
 b - a +0 scale mail (worn)
 c - a +1 kite shield (worn)
 j - a +2 hat of willpower (worn)
Scrolls
 f - a scroll of identify
 i - a scroll of enchant armour
Potions
 d - a potion of might
 e - a potion of mutation
 h - a potion of heal wounds {unknown}
 k - a potion of curing {unknown}


   Skills:
 + Level 4.1 Fighting
 + Level 3.1 Long Blades
 + Level 0.2 Throwing
 + Level 4.3 Armour
 + Level 0.9 Dodging
 + Level 4.2 Shields


You had 3 spell levels left.
You didn't know any spells.
Your spell library was empty.

Dungeon Overview and Level Annotations

Branches:
Dungeon (2/15)

Altars:
Nemelex Xobeh

Annotations:
D:2 Crazy Yiuf


Innate Abilities, Weirdness & Mutations

You have a pair of horns on your head.
You reflexively headbutt those who attack you in melee.


Message History

You open the door.
There is an open door here.
Found a mace.
Found three maces.
Found a runed translucent door.
Crazy Yiuf shouts!
You see here a +0 mace.
You see here a +0 mace.
Found a mace.
Press: ? - help, v - describe, . - travel
Here: Crazy Yiuf, wielding a +4 quarterstaff of chaos and wearing a +0 cloak (fire blocked by a runed translucent door)
The floor.
You open the door. You hit Crazy Yiuf.
Crazy Yiuf is lightly wounded.
Crazy Yiuf hits you with a +4 quarterstaff of chaos.
You feel your power leaking away.
You hit Crazy Yiuf.
You feel better.
Crazy Yiuf is lightly wounded.
You block Crazy Yiuf's attack. x2
You hit Crazy Yiuf.
Crazy Yiuf is moderately wounded.
Crazy Yiuf sings, "Trees, trees, trees, circus!"
Crazy Yiuf hits you with a +4 quarterstaff of chaos.
Crazy Yiuf freezes you.
Your scale mail prevents you from hitting Crazy Yiuf.
You headbutt Crazy Yiuf, but do no damage.
Crazy Yiuf is moderately wounded.
Crazy Yiuf yells, "Shower sanguine leg!"
You block Crazy Yiuf's attack.
Crazy Yiuf hits you with a +4 quarterstaff of chaos!
Crazy Yiuf burns you.
* * * LOW HITPOINT WARNING * * *
You are too injured to fight recklessly!
You are too injured to fight recklessly!
You are too injured to fight recklessly!
You hit Crazy Yiuf.
You feel better.
Crazy Yiuf is moderately wounded.
Crazy Yiuf says, "Mama snockshim light!"
Crazy Yiuf hits you with a +4 quarterstaff of chaos!
You die...

#....###....####
##..## #....#
#..#.# ##.#.#
##...# ##.#.#
#### ##.##
#..#.####...
##.#
#...........
#)##
####.##.#...
##)#
#....##.#...
#@##
#....##.#... #g#
#....##.#... ..)
#....##.####
#...#
#.......#...
#)..#
#.......#...
##### #.....
#... #... #...
#.< ##.#


You could see Crazy Yiuf.

Vanquished Creatures
  Jessica (D:2)
  3 dart slugs
  3 endoplasms
  3 giant cockroaches
  4 goblins (D:1)
  3 hobgoblins
  3 jackals (D:1)
  2 kobolds (D:1)
  3 quokkas
  4 bats
  2 frilled lizards (D:1)
  A rat (D:2)
32 creatures vanquished.

Notes
Turn   | Place    | Note
-------+----------+-------------------------------------------
     0 | D:1      | Cykl0x the Minotaur Fighter began the quest for the Orb.
     0 | D:1      | Reached XP level 1. HP: 19/19 MP: 0/0
    19 | D:1      | Found a faded altar of an unknown god.
   109 | D:1      | Reached XP level 2. HP: 27/27 MP: 1/1
   605 | D:1      | Reached XP level 3. HP: 32/33 MP: 2/2
   874 | D:2      | Noticed Jessica
   883 | D:2      | Killed Jessica
  1032 | D:2      | Found a sparkling altar of Nemelex Xobeh.
  1047 | D:2      | Reached XP level 4. HP: 40/40 MP: 3/3
  1140 | D:2      | Found a runed translucent door.
  1141 | D:2      | Noticed Crazy Yiuf
  1149 | D:2      | Mangled by Crazy Yiuf

Illustrated notes

Levels and vault maps discovered:
D:1:      amcnicky_arrival_choice, layout_basic,
          ebering_ecumenical_altar_abandoned
D:2:      layout_basic, basic_altar, uniq_jessica, uniq_crazy_yiuf_cottage

Skill      XL: |  1  2  3 |
---------------+----------+-----
Fighting       | 4 |  4.1
Shields        | 4 |  4.2
Armour         | 4 |  4.3
Long Blades    | 3 |  3.1
Throwing       | |  0.2
Dodging        | |  0.9

Action                   |  1- 3 |  4- 6 || total
-------------------------+-------+-------++-------
Melee: Long sword        |    80 |     5 ||    85
       Headbutt          |    11 |     1 ||    12
Throw: Stone             |    12 |       ||    12
  Use: Scroll            |     4 |       ||     4
Armor: Scale mail        |    35 |       ||    35
Dodge: Dodged            |    28 |       ||    28
Block: Kite shield       |    40 |     3 ||    43
       Rpst.: Long sword |    10 |       ||    10
